Map: Mech Depot LE

Players

Qrash - Winner!

  • Race: Protoss Protoss
  • League: Silver
  • Spawn Location: 7:00

pymp

  • Race: Terran Terran
  • League: Platinum
  • Spawn Location: 1:00

VOD

Have the link to the VOD?

Description

Time

  • Played on: Sept. 15, 2017, 5:39 p.m.
  • Length: 24:59
Show
View Real Time Build Order
Export as new Build Order

Qrash Protoss - Winner!

Build Orders:  

Get SALT Encoding   

  12  0:02  Probe (Chrono Boost)  
  13  0:12  Probe (Chrono Boost)  
  14  0:19  Pylon  
  14  0:23  Probe (Chrono Boost)  
  15  0:37  Probe (Chrono Boost)  
  15  0:38  Gateway  
  16  0:48  Probe (Chrono Boost)  
  17  0:51  Assimilator  
  17  0:59  Probe (Chrono Boost)  
  18  1:09  Probe (Chrono Boost)  
  19  1:20  Probe (Chrono Boost)  
  19  1:21  Gateway  
  19  1:25  Cybernetics Core  
  20  1:28  Zealot  
  20  1:30  Probe (Chrono Boost)  
  23  1:52  Pylon  
  23  2:11  Probe (Chrono Boost)  
  24  2:21  Probe (Chrono Boost)  
  29  2:30  Zealot x2 (Chrono Boost)  
  29  2:40  Mothership Core  
  30  2:49  Warp Gate  
  30  3:06  Adept (Chrono Boost)  
  29  3:13  Adept (Chrono Boost)  
  31  3:24  Pylon  
  31  3:33  Adept (Chrono Boost)  
  31  3:46  Adept (Chrono Boost)  
  31  3:50  Probe  
  31  3:54  Assimilator  
  32  3:57  Stargate  
  32  4:03  Probe  
  33  4:20  Nexus  
  33  4:22  Stalker (Chrono Boost)  
  37  4:26  Stalker (Chrono Boost)  
  37  5:00  Probe  
  37  5:06  Robotics Facility  
  38  5:12  Probe  
  39  5:19  Pylon  
  39  5:25  Pylon  
  37  6:23  Immortal (Chrono Boost)  
  41  6:26  Zealot x2  
  41  6:28  Void Ray (Chrono Boost)  
  49  6:33  Probe  
  49  6:34  Probe  
  51  6:44  Probe  
  51  6:47  Probe  
  53  6:49  Assimilator  
  53  6:51  Assimilator  
  53  6:59  Probe  
  54  7:05  Forge  
  54  7:06  Nexus  
  54  7:08  Assimilator, Cybernetics Core  
  54  7:09  Void Ray (Chrono Boost)  
  54  7:12  Assimilator  
  54  7:14  Pylon  
  58  7:17  Pylon  
  58  7:18  Immortal  
  58  7:19  Pylon  
  62  7:27  Pylon  
  62  7:36  Probe  
  62  7:37  Probe  
  64  7:46  Probe  
  64  7:49  Probe  
  54  8:09  Immortal (Chrono Boost)  
  52  8:16  Void Ray (Chrono Boost)  
  60  8:24  Protoss Shields Level 1  
  60  8:32  Probe x2  
  62  8:43  Immortal  
  62  8:47  Sentry  
  62  8:48  Sentry  
  70  8:54  Void Ray (Chrono Boost)  
  74  9:21  Probe, Fleet Beacon  
  74  9:23  Probe x2  
  77  9:32  Probe, Void Ray (Chrono Boost)  
  77  9:35  Probe x2  
  84  9:53  Probe  
  84  9:55  Probe x2, Twilight Council  
  84  9:58  Immortal  
  92  10:07  Probe x2  
  92  10:09  Stalker  
  95  10:22  Probe  
  95  10:24  Probe x2  
  98  10:34  Templar Archives  
  98  10:36  Probe  
  98  10:41  Stalker  
  101  10:44  Photon Cannon  
  101  10:45  Photon Cannon  
  101  10:52  Probe x2  
  103  11:01  Observer  
  104  11:04  Protoss Shields Level 2 (Chrono Boost)  
  104  11:15  High Templar x2  
  108  11:22  Gateway  
  108  11:24  Gateway  
  108  11:26  Gateway  
  108  11:27  Gateway  
  108  11:29  Stargate  
  108  11:31  Stargate  
  108  11:45  Archon  
  108  11:53  Nexus  
  108  12:02  High Templar x2  
  112  12:15  Photon Cannon  
  112  12:18  Photon Cannon  
  112  12:19  Photon Cannon  
  112  12:20  Photon Cannon  
  96  12:42  Carrier (Chrono Boost)  
  96  12:43  Carrier x2 (Chrono Boost)  
  114  13:04  Archon, Pylon x2  
  114  13:05  Immortal, Pylon  
  118  13:06  Pylon  
  118  13:11  Probe  
  118  13:12  Probe x3  
  122  13:15  Pylon  
  122  13:17  Pylon  
  122  13:19  Pylon  
  122  13:24  Probe x3  
  122  13:27  Pylon  
  125  13:31  Psionic Storm  
  125  13:38  Assimilator  
  125  13:40  Assimilator  
  125  13:57  High Templar x6  
  137  14:04  Archon  
  137  14:12  Carrier x3 (Chrono Boost)  
  155  14:25  Protoss Air Weapons Level 1, Protoss Air Armor Level 1  
  155  14:40  High Templar x3  
  155  14:41  Nexus, High Templar  
  155  14:44  Archon, Pylon  
  155  14:45  Archon  
  163  14:46  Pylon  
  163  14:50  Immortal  
  167  14:59  Graviton Catapult  
  167  15:03  Protoss Shields Level 3  
  167  15:29  Photon Cannon  
  167  15:30  Photon Cannon  
  173  15:37  Carrier (Chrono Boost)  
  185  16:08  Warp Prism  
  187  16:12  Zealot x5  
  187  16:13  Zealot  
  194  17:10  Stalker  
  194  17:11  Stalker x2  
  200  17:27  Pylon  
  198  17:36  Carrier (Chrono Boost)  
  194  17:41  Carrier (Chrono Boost)  
  188  18:05  Zealot x4  
  196  18:22  Pylon  
  196  18:24  Protoss Air Weapons Level 2  
  196  18:27  Pylon  
  196  18:28  Pylon  
  196  18:35  Pylon  
  196  18:44  Nexus  
  196  18:46  Pylon  
  196  18:48  Gateway  
  196  18:49  Gateway, Assimilator  
  196  18:52  Stargate  
  196  18:53  Stargate  
  196  18:54  Pylon  
  196  18:59  Pylon  
  196  19:04  Zealot x2, Assimilator  
  198  19:35  Zealot  
  192  20:16  Zealot  
  192  20:17  Zealot x3  
  194  20:51  Mothership Core  
  190  20:59  Zealot x4  
  190  21:00  Zealot x2  
  196  21:24  Observer  
  196  21:25  Archon  
  185  21:34  Void Ray x2 (Chrono Boost)  
  185  21:39  Void Ray (Chrono Boost)  
  197  21:45  Observer  
  196  21:55  Zealot x2  
  184  22:57  Zealot x5  
  184  22:58  Zealot  
  180  23:07  Carrier (Chrono Boost)  
  180  23:08  Carrier (Chrono Boost)  
  198  23:18  Carrier (Chrono Boost)  
  198  24:18  Nexus  
  198  24:19  Nexus  
  198  24:28  Nexus  
  198  24:32  Nexus  
  198  24:33  Nexus  
  198  24:35  Nexus  
  198  24:38  Nexus  
  198  24:47  Zealot  
Show
View Real Time Build Order
Export as new Build Order

pymp Terran 

Build Orders: MMM Bio 

Get SALT Encoding   

  12  0:00  SCV  
  13  0:12  SCV  
  14  0:18  Supply Depot  
  14  0:32  Refinery  
  14  0:34  SCV  
  15  0:46  SCV  
  16  1:03  Barracks  
  16  1:06  Barracks  
  16  1:10  SCV  
  17  1:22  SCV  
  18  1:31  Barracks  
  18  1:37  SCV  
  19  1:52  Reaper  
  20  1:57  Reaper  
  21  2:01  Supply Depot  
  21  2:02  Orbital Command  
  20  2:24  Reaper  
  21  2:34  Reaper  
  22  2:43  SCV  
  21  3:46  Marine x3  
  24  3:52  SCV  
  24  3:54  Refinery  
  25  3:58  Command Center  
  25  4:00  Factory  
  25  4:02  Supply Depot  
  25  4:04  SCV  
  26  4:16  SCV  
  26  4:17  Barracks Tech Lab  
  27  4:28  SCV, Engineering Bay  
  28  4:31  Barracks  
  28  4:34  Barracks  
  28  4:36  Marauder  
  30  4:39  Stimpack  
  30  4:40  SCV  
  31  4:45  Factory Tech Lab  
  31  4:52  SCV  
  32  4:58  Marauder, Missile Turret  
  34  5:04  SCV  
  34  5:06  Siege Tank  
  38  5:16  SCV  
  39  5:28  Bunker  
  39  5:29  SCV  
  39  5:34  Barracks Tech Lab x2  
  39  5:41  SCV  
  39  5:46  Barracks Tech Lab  
  39  5:53  SCV  
  38  6:05  SCV, Marauder x2  
  38  6:06  Marauder x2  
  44  6:27  Marauder x2  
  44  6:30  Barracks Tech Lab  
  48  6:35  SCV  
  48  6:39  Orbital Command  
  49  6:52  Marauder x2  
  53  6:54  Concussive Shells  
  53  7:10  SCV  
  53  7:15  Missile Turret  
  54  7:23  Supply Depot  
  54  7:25  Supply Depot  
  54  7:28  Supply Depot  
  54  7:33  SCV  
  54  7:44  Marauder x2  
  42  8:11  Marauder x2  
  42  8:12  Marauder x2  
  48  8:13  Siege Tank  
  51  8:22  SCV x2, Missile Turret  
  51  8:23  Missile Turret  
  51  8:26  Marine  
  54  8:27  Starport  
  54  8:28  Missile Turret, Combat Shields  
  54  8:30  Terran Infantry Weapons Level 1  
  54  8:32  Marine x2  
  54  8:34  Engineering Bay, SCV  
  57  8:45  Widow Mine  
  59  8:49  Marine x3  
  59  8:50  Marine x2  
  59  8:51  SCV x2  
  59  8:54  Refinery  
  66  8:56  Refinery  
  66  9:03  SCV x2, Starport Tech Lab  
  66  9:06  Marine  
  66  9:07  Supply Depot, Marine  
  70  9:14  Marine x3  
  70  9:15  Widow Mine, Liberator  
  75  9:21  SCV  
  77  9:24  SCV, Marine  
  78  9:33  SCV  
  78  9:37  Marauder x2  
  86  9:44  Supply Depot  
  86  9:47  Supply Depot  
  86  9:59  Missile Turret  
  86  10:05  Widow Mine, Marine x4  
  86  10:06  SCV  
  94  10:09  SCV  
  94  10:16  Barracks Reactor  
  94  10:17  Supply Depot, Terran Infantry Armor Level 1  
  94  10:18  SCV  
  94  10:21  SCV  
  96  10:23  Marine x2  
  98  10:30  SCV  
  98  10:33  SCV  
  100  10:38  Siege Tank  
  100  10:41  Supply Depot  
  100  10:42  SCV  
  104  10:45  SCV, Supply Depot  
  104  10:46  Supply Depot  
  104  10:49  Marauder x2  
  109  10:54  SCV  
  110  11:02  Medivac x2  
  110  11:03  SCV, Marauder  
  117  11:05  Supply Depot  
  117  11:06  SCV  
  117  11:07  Supply Depot  
  119  11:32  SCV  
  119  11:33  SCV  
  120  11:46  Command Center  
  69  12:30  Siege Tank  
  69  12:31  Marauder, Marine x2  
  69  12:32  Marauder, Marine  
  69  12:33  Viking x2  
  77  12:39  SCV  
  77  12:40  SCV  
  77  12:41  Starport  
  77  12:43  Barracks  
  77  12:44  Barracks  
  77  12:49  Marine x2  
  77  12:50  Marauder  
  79  12:52  SCV x2  
  79  12:53  Marauder  
  79  12:55  Marine  
  84  13:03  Viking x2  
  88  13:07  Marine x2  
  88  13:11  Marine  
  91  13:13  Marine  
  91  13:14  Marine  
  93  13:25  Marine x2  
  95  13:28  Marine  
  95  13:29  Missile Turret  
  95  13:31  Marine x2  
  95  13:32  Missile Turret  
  95  13:33  Viking x2, Orbital Command, Missile Turret  
  83  14:02  Siege Tank  
  86  14:03  Marine x2  
  86  14:04  Marine x3  
  86  14:06  Barracks Tech Lab  
  86  14:07  Starport Reactor  
  91  14:21  Marauder  
  91  14:23  Medivac  
  91  14:24  Viking  
  97  14:25  SCV x2  
  97  14:27  Refinery  
  97  14:28  SCV  
  97  14:29  Refinery  
  100  14:34  Siege Tank, Marauder x4  
  100  14:37  SCV  
  112  14:41  Marauder  
  112  14:43  Marauder  
  116  14:55  Marauder, Marine x3  
  121  15:02  Viking x2  
  121  15:03  Medivac, Marauder  
  121  15:04  Medivac, Marauder  
  121  15:06  Siege Tank  
  136  15:23  SCV x2  
  138  15:32  Viking x2  
  138  15:33  Viking  
  138  15:34  Viking  
  146  15:38  Siege Tank  
  146  15:40  Marine  
  146  15:41  Marine x4  
  146  15:42  Marine  
  155  15:46  Command Center  
  155  16:01  Marine  
  155  16:02  Marauder x4, Marine  
  165  16:27  Supply Depot  
  165  16:29  Supply Depot  
  165  16:32  Supply Depot  
  165  16:48  Viking x2, Marine x5  
  165  16:50  Marine  
  172  17:05  Marine  
  172  17:06  Marine x4  
  172  17:08  Marine  
  172  17:16  Viking x2  
  172  17:18  Viking  
  178  17:23  Marine  
  178  17:24  Marine x4  
  178  17:26  Marine  
  192  17:46  Marine  
  192  17:47  Marine x5  
  179  18:00  Viking x4  
  179  18:04  Marine x6  
  191  18:22  Marine x6  
  197  18:30  Missile Turret  
  197  18:31  Planetary Fortress, Missile Turret  
  197  18:34  Missile Turret  
  197  18:38  Missile Turret  
  197  18:39  Marine, Missile Turret  
  197  18:40  Marine x2  
  200  18:54  Armory  
  200  18:55  Armory  
  78  20:20  Marine  
  78  20:21  Marine x4  
  80  20:26  Medivac  
  80  20:27  Medivac  
  91  20:29  Viking  
  91  20:30  Viking  
  91  20:38  Marine, Marauder  
  91  20:39  Marauder, Marine  
  91  20:40  Marauder  
  99  20:56  Viking, Marine  
  99  20:57  Viking, Marine  
  99  20:59  Viking x2, Refinery  
  99  21:00  Marauder  
  99  21:01  Marauder, Marine, Refinery  
  107  21:14  Marine  
  107  21:15  Marauder  
  91  21:19  Marauder  
  91  21:21  Marine  
  91  21:22  Marauder  
  96  21:26  Viking  
  96  21:27  Viking  
  96  21:29  Viking x2  
  106  21:32  Marauder  
  106  21:36  Marine  
  106  21:39  Marauder  
  109  21:40  Marauder  
  109  21:43  Marine  
  112  21:53  Marine  
  113  21:54  Marauder  
  113  21:56  Viking  
  113  21:57  Viking  
  113  21:59  Viking x2  
  113  22:00  Marine  
  124  22:01  Marauder, Marine  
  127  22:11  Marine  
  128  22:16  Marauder  
  128  22:18  Marine  
  128  22:19  Marauder  
  133  22:23  Marauder  
  133  22:26  Viking  
  133  22:29  Viking, Marine  
  144  22:35  Marine  
  145  22:37  Marauder  
  145  22:40  Marine  
  150  22:44  Marauder  
  150  22:47  Marauder  
  127  22:53  Marine  
  127  22:56  Medivac  
  127  22:58  Marine x2  
  77  22:59  Viking  
  77  23:05  Marine  
  75  23:11  Marine  
Tags
 
Composition
MMM Bio
Matchup
PvT
Spawn Locations
Cross Positions
Add a new tag
Caveats
  • Supply blocks, unpowered buildings, or Contaminate may cause inaccurate times.
  • Supply counts are checked every 10 seconds.